 Dungeon Crawl Stone Soup version 0.22-a0-467-g5c5de1cb09 (webtiles) character file.

3290 Oravi the Zephyrmancer (level 10, -4/61 HPs)
             Began as a Tengu Air Elementalist on June 10, 2018.
             Was a Priest of Vehumet.
             Slain by a two-headed ogre
             ... wielding a +0 giant club
              (9 damage)
             ... on level 8 of the Dungeon.
             The game lasted 00:51:56 (10416 turns).

Oravi the Zephyrmancer (Tengu Air Elementalist)    Turns: 10416, Time: 00:51:56

Health: -4/61      AC:  3    Str:  9    XL:     10   Next: 1%
Magic:  42/42      EV: 17    Int: 18    God:    Vehumet [***...]
Gold:   326        SH:  6    Dex: 15    Spells: 4/19 levels left

rFire    . . .     SeeInvis .   p - staff of power
rCold    . . .     Gourm    .   I - +1 buckler
rNeg     . . .     Faith    .   a - +0 robe
rPois    .         Spirit   .   (helmet restricted)
rElec    .         Reflect  .   (no cloak)
rCorr    .         Harm     .   x - +0 pair of gloves
MR       .....                  (boots unavailable)
Stlth    ++........             (no amulet)
HPRegen  0.20/turn              v - ring of magical power
MPRegen  0.28/turn              H - ring of wizardry

@: no status effects
A: beak, talons 3, able to fly 1
a: Fly, Renounce Religion


You were on level 8 of the Dungeon.
You worshipped Vehumet.
Vehumet was most pleased with you.
You were hungry.

You visited 2 branches of the dungeon, and saw 9 of its levels.
You also visited: Sewer.

You collected 326 gold pieces.

Inventory:

Hand Weapons
 d - a +0 war axe
 g - a +0 dagger
 j - a +0 whip
 s - a +1 short sword of electrocution
 y - a +0 blowgun
 A - a +0 whip of electrocution
 D - a +0 short sword of freezing
Missiles
 b - 317 stones (quivered)
 t - a throwing net
 B - 39 poisoned needles
 E - 3 tomahawks
Armour
 a - a +0 robe (worn)
 x - a +0 pair of gloves (worn)
 I - a +1 buckler (worn)
Magical Staves
 p - an uncursed staff of power (weapon)
Jewellery
 m - an uncursed ring of ice
 q - an uncursed ring of poison resistance
 v - a ring of magical power (left hand)
 H - a ring of wizardry (right hand)
 N - the ring of Robustness {AC+8}
   (You found it on level 7 of the Dungeon)

   [ring of protection]

   It affects your AC (+8).
Wands
 n - a wand of random effects (38)
 u - a wand of iceblast (20)
 M - a wand of clouds (5)
Scrolls
 e - 7 scrolls of teleportation
 f - a scroll of amnesia
 h - 8 scrolls of remove curse
 i - 6 scrolls of identify
 k - a scroll of enchant weapon
 F - a scroll of torment {unknown}
 J - a scroll of enchant armour
 K - a scroll of fear {unknown}
 O - a scroll of random uselessness {unknown}
 P - a scroll of blinking
Potions
 l - 4 potions of heal wounds
 o - 4 potions of agility
 r - 6 potions of curing
 w - 3 potions of flight
 z - a potion of ambrosia
 C - a potion of might
 G - 2 potions of lignification
Comestibles
 c - 7 rations


   Skills:
 + Level 6.4 Fighting
 + Level 7.5 Dodging
 - Level 2.0 Stealth
 - Level 4.0 Shields
 + Level 5.2 Spellcasting
 + Level 7.0 Conjurations
 + Level 8.0 Air Magic


You had 4 spell levels left.
You knew the following spells:

 Your Spells              Type           Power        Failure   Level  Hunger
a - Shock                 Conj/Air       ####         1%          1    None
b - Swiftness             Chrm/Air       ###.....     1%          2    #......
c - Static Discharge      Conj/Air       ####....     1%          3    ##.....
d - Airstrike             Air            ####......   1%          4    ####...
e - Lightning Bolt        Conj/Air       ####......   1%          5    ######.

Your spell library contained the following spells:

 Spells                   Type           Power        Failure   Level  Hunger
 Magic Dart               Conj           ####         1%          1    None
 Apportation              Tloc           #.....       5%          1    None
 Bolt of Cold             Conj/Ice       ###.......   41%         6    #######
 Freezing Cloud           Conj/Ice/Air   ###.......   24%         6    #######
 Summon Small Mammal      Summ           #...         5%          1    None
 Lehudib's Crystal Spear  Conj/Erth      ###.......   100%        8    #######
 Fire Storm               Conj/Fire      ###.......   100%        9    #######
 Animate Skeleton         Necr           N/A          5%          1    None
 Ozocubu's Refrigeration  Ice            #.........   83%         6    #######
 Poison Arrow             Conj/Pois      ###.......   41%         6    #######
 Ice Form                 Ice/Tmut       #.......     45%         4    ####...
 Glaciate                 Conj/Ice       ###.......   100%        9    #######
 Confusing Touch          Hex            #.....       5%          1    None
 Metabolic Englaciation   Hex/Ice        #.........   78%         5    ######.
 Simulacrum               Ice/Necr       #.........   100%        6    #######
 Chain Lightning          Conj/Air       ####......   95%         8    #######


Dungeon Overview and Level Annotations

Branches:
Dungeon (8/15)             Temple (1/1) D:6
   Lair: D:8-11

Altars:
Ashenzari
Cheibriados
Dithmenos
Elyvilon
Fedhas
Gozag
Hepliaklqana
Kikubaaqudgha
Makhleb
Okawaru
Qazlal
Ru
Sif Muna
Trog
Uskayaw
Vehumet
Wu Jian
Xom
Yredelemnul
Zin
The Shining One

Shops:
D:7 }

Annotations:
D:7 D1HalberdGnoll's ghost, novice OgFE
D:8 exclusion: two-headed ogre


Innate Abilities, Weirdness & Mutations

You have a beak for a mouth.
You have claws for feet.
You can fly.


Message History

Unknown command.
There is a stone staircase leading down here.
You start resting.
Magic restored.
You start resting.
HP restored.
You climb downwards.
Level annotation: exclusion: two-headed ogre You block the worker ant's attack.
The centaur shoots an arrow.
The arrow hits you.
The two-headed ogre completely misses you.
You block the two-headed ogre's attack. The worker ant closely misses you.
There is a stone staircase leading up, spattered with blood here.
You see here 2 arrows.
The centaur shoots an arrow.
The arrow hits you!
The two-headed ogre hits you with a giant club!!!
Ouch! That really hurt!
* * * LOW HITPOINT WARNING * * *
The two-headed ogre hits you with a dire flail!
You die...

..c.. ....
....###...
........#
.......#
#......+
#......#
#..a...#
#..@..$#
#..O...#
#....####
#...##
#... #...
#... #...


You could see a two-headed ogre, a centaur and a worker ant.

Vanquished Creatures
  The ghost of Foic the Shield-Bearer, an amateur TrFi (D:4)
  The ghost of Banto the Sneak, an amateur OpEE (D:3)
  A spriggan (D:7)
  A hungry ghost (D:7)
  5 ice beasts
  A phantom (D:7)
  2 ogres
  A centaur (D:7)
  4 big kobolds (Sewer)
  3 bullfrogs
  A water moccasin skeleton (D:4)
  2 scorpions
  5 killer bees (D:7)
  A howler monkey (D:5)
  2 crimson imps (D:5)
  3 hounds
  3 orc priests
  A bullfrog skeleton (D:6)
  A jelly (D:7)
  5 orc wizards
  A centaur skeleton (D:6)
  An iguana (D:6)
  5 worker ants
  A killer bee zombie (D:8)
  4 gnolls (D:3)
  13 adders
  A shadow imp (Temple)
  4 oozes
  4 worms
  A dart slug (D:3)
  4 leopard geckos
  15 orcs
  8 ball pythons
  10 bats
  7 giant cockroaches
  2 goblins (D:3)
  5 hobgoblins
  10 jackals
  20 kobolds
  9 frilled lizards
  A jackal skeleton (D:5)
  2 quokka skeletons
  8 rats
180 creatures vanquished.

Notes
Turn   | Place    | Note
-------+----------+-------------------------------------------
     0 | D:1      | Oravi the Tengu Air Elementalist began the quest for the Orb.
     0 | D:1      | Reached XP level 1. HP: 10/10 MP: 4/4
   442 | D:1      | Reached XP level 2. HP: 10/15 MP: 0/6
  1452 | D:2      | Found an opulent altar of Gozag.
  1496 | D:2      | Reached XP level 3. HP: 19/19 MP: 5/7
  1500 | D:2      | Learned a level 2 spell: Swiftness
  1504 | D:2      | Learned a level 3 spell: Static Discharge
  1849 | D:2      | Found a shimmering altar of Xom.
  1860 | D:2      | Found an ancient bone altar of Kikubaaqudgha.
  1937 | D:2      | Reached XP level 4. HP: 23/24 MP: 5/9
  2033 | D:2      | Reached skill level 5 in Air Magic
  2477 | D:2      | Found a radiant altar of Vehumet.
  2479 | D:2      | Identified Vehumet's Almanac of Conjuration
  2482 | D:2      | Became a worshipper of Vehumet
  2486 | D:2      | Found a deep blue altar of Sif Muna.
  2958 | D:2      | Gained mutation: You can fly. [Tengu growth]
  2958 | D:2      | Reached XP level 5. HP: 4/28 MP: 0/10
  3502 | D:3      | Found a sacrificial altar of Ru.
  3546 | D:3      | Noticed Banto's ghost (amateur OpEE)
  4327 | D:3      | Reached * piety under Vehumet
  4327 | D:3      | Offered knowledge of Flame Tongue by Vehumet.
  4540 | D:3      | Killed Banto's ghost
  4540 | D:3      | Reached skill level 5 in Conjurations
  4540 | D:3      | Reached skill level 6 in Air Magic
  4540 | D:3      | Reached XP level 6. HP: 26/32 MP: 13/13
  4712 | D:3      | Reached XP level 7. HP: 36/36 MP: 14/14
  4882 | D:4      | Found a glowing drain.
  4939 | Sewer    | Entered a sewer
  4969 | Sewer    | Reached skill level 7 in Air Magic
  5271 | Sewer    | Learned a level 4 spell: Airstrike
  5373 | Sewer    | Reached ** piety under Vehumet
  5373 | Sewer    | Offered knowledge of Freeze by Vehumet.
  5829 | D:4      | Reached skill level 1 in Fighting
  6032 | D:4      | Reached XP level 8. HP: 40/43 MP: 16/16
  6166 | D:4      | Noticed Foic's ghost (amateur TrFi)
  6336 | D:4      | Killed Foic's ghost
  6823 | D:5      | Entered Level 5 of the Dungeon
  6870 | D:5      | Learned a level 5 spell: Lightning Bolt
  7000 | D:5      | Reached skill level 5 in Dodging
  7006 | D:5      | Found a snail-covered altar of Cheibriados.
  7193 | D:5      | Reached skill level 1 in Shields
  7262 | D:5      | Found a stormy altar of Qazlal.
  7505 | D:6      | Found a staircase to the Ecumenical Temple.
  7562 | D:6      | Reached XP level 9. HP: 52/52 MP: 17/17
  7666 | D:6      | Offered knowledge of Stone Arrow by Vehumet.
  7726 | Temple   | Entered the Ecumenical Temple
  7728 | Temple   | Reached *** piety under Vehumet
  7728 | Temple   | Reached skill level 5 in Fighting
  8483 | D:7      | Noticed D1HalberdGnoll's ghost (novice OgFE)
  8804 | D:7      | Found the ring of Robustness {AC+8}
  8816 | D:7      | Offered knowledge of Sticky Flame by Vehumet.
  9416 | D:7      | Found Satrexor's Gadget Emporium.
  9830 | D:7      | Reached skill level 5 in Spellcasting
 10141 | D:8      | Noticed a two-headed ogre
 10308 | D:8      | Noticed a two-headed ogre
 10327 | D:7      | Reached skill level 8 in Air Magic
 10327 | D:7      | Reached XP level 10. HP: 45/61 MP: 18/18
 10416 | D:8      | Slain by a two-headed ogre

Vault maps used:
D:1:      minmay_arrival_shattered_statue
D:2:      grunt_temple_overflow_magic_moments, xom_butterflies,
          lemuel_crystal_altar, first_ration, minmay_tromino_v4_a
D:3:      nicolae_ru_the_path_less_chosen
D:4:      cheibrodos_sewer_entry_sluice
D:5:      nicolae_qazlal_general_emergency, cheibriados_altar_1,
          minmay_misc_feat_roman
D:6:      temple_pool_b, minivault_22
D:7:      serial_shops, shop
D:8:      marbit_many_paths, the_bakery, uniq_maurice
Temple:   jpeg_temple_clearing
Sewer:    kennysheep_pipe_town

Skill      XL: |  1  2  3  4  5  6  7  8  9 |
---------------+----------------------------+-----
Conjurations   | 2 3 5 6 7 |  7.0
Air Magic      | 5 6 7 8 |  8.0
Spellcasting   | 3 4 5 |  5.2
Fighting       | 1 4 6 |  6.4
Dodging        | 5 7 |  7.5
Shields        | 2 4 |  4.0
Stealth        | |  2.0

Action                   |  1- 3 |  4- 6 |  7- 9 | 10-12 || total
-------------------------+-------+-------+-------+-------++-------
Melee: Unarmed           |    10 |       |       |       ||    10
       Peck              |     2 |       |       |       ||     2
       Kick              |     1 |     1 |       |       ||     2
       Whip              |     3 |     6 |       |       ||     9
       Short sword       |       |     2 |       |       ||     2
       Staff             |       |       |     2 |       ||     2
Throw: Stone             |     7 |     5 |       |       ||    12
 Cast: Shock             |    68 |   122 |   273 |       ||   463
       Static Discharge  |     2 |    13 |    49 |     1 ||    65
       Swiftness         |       |     1 |     1 |       ||     2
       Lightning Bolt    |       |       |    21 |       ||    21
       Airstrike         |       |       |     7 |       ||     7
  Use: Scroll            |       |       |    15 |       ||    15
       Potion            |       |       |     1 |       ||     1
  Eat: Chunk             |     4 |     6 |    21 |       ||    31
       Ration            |       |     1 |     3 |       ||     4
Armor: Robe              |     7 |     4 |    15 |       ||    26
Dodge: Dodged            |    25 |    23 |    90 |     2 ||   140
Block: Buckler           |       |       |     6 |     2 ||     8

Table legend:
 A = Spawn XP
 B = Non-spawn XP
 C = Spawn XP percentage of total XP
 D = Spawn monster count
 E = Non-spawn monster count
 F = Spawn count percentage of total count
 G = Total turns spent on level
                    A         B        C        D         E        F      G
               +---------+---------+-------+---------+---------+-------+---------
         Total |       0 |    4701 |   0.0 |       0 |     180 |   0.0 | 10416
               +---------+---------+-------+---------+---------+-------+---------
           D:1 |       0 |      31 |   0.0 |       0 |      15 |   0.0 |  1918
           D:2 |       0 |     145 |   0.0 |       0 |      31 |   0.0 |  1747
           D:3 |       0 |     469 |   0.0 |       0 |      24 |   0.0 |  1367
           D:4 |       0 |     680 |   0.0 |       0 |      24 |   0.0 |   915
           D:5 |       0 |     396 |   0.0 |       0 |      13 |   0.0 |   674
           D:6 |       0 |     844 |   0.0 |       0 |      21 |   0.0 |   858
           D:7 |       0 |    1430 |   0.0 |       0 |      20 |   0.0 |  1533
           D:8 |       0 |     169 |   0.0 |       0 |       6 |   0.0 |   253
        Temple |       0 |     108 |   0.0 |       0 |       2 |   0.0 |   275
         Sewer |       0 |     429 |   0.0 |       0 |      24 |   0.0 |   876
               +---------+---------+-------+---------+---------+-------+---------
